 Dungeon Crawl Stone Soup version 0.24.0-1-gfbc8707122 (webtiles) character file.

Game seed: 16296715101690034927, levelgen mode: deterministic

1332 theanonym the Cleaver (level 8, 0/58 HPs)
             Began as a Formicid Abyssal Knight on Oct 26, 2019.
             Was an Elder of Lugonu.
             Slain by an orc warrior
             ... wielding a +0 flail
              (13 damage)
             ... on level 7 of the Dungeon.
             The game lasted 00:05:36 (4853 turns).

theanonym the Cleaver (Formicid Abyssal Knight)     Turns: 4853, Time: 00:05:37

Health: 0/58       AC: 18    Str: 19    XL:     8   Next: 92%
Magic:  9/10       EV:  7    Int: 12    God:    Lugonu [****..]
Gold:   269        SH:  0    Dex: 10    Spells: 7/7 levels left

rFire    . . .     SeeInvis +   i - +0 war axe
rCold    . . .     Gourm    .   (no shield)
rNeg     . . .     Faith    .   q - +0 chain mail (curse)
rPois    .         Spirit   .   (helmet unavailable)
rElec    .         Reflect  .   l - +1 cloak
rCorr    .         Harm     .   k - +0 pair of gloves
MR       .....                  b - +0 pair of boots
Stlth    ..........             (no amulet)
HPRegen  0.19/turn              p - ring of attention (curse)
MPRegen  0.12/turn              h - +5 ring of protection

@: no status effects
A: permanent stasis, dig shafts and tunnels, four strong arms, antennae 3
a: Dig, Shaft Self, Depart the Abyss, Bend Space, Banish, Corrupt, Renounce
Religion


Innate Abilities, Weirdness & Mutations

You cannot be hasted, slowed, berserked, paralysed or teleported.
You can dig through walls and to a lower floor.
Your four strong arms can wield two-handed weapons with a shield.
You have a pair of large antennae on your head. (SInv)


   Skills:
 - Level 3.2 Fighting
 * Level 10.2 Axes
 - Level 2.1 Armour
 - Level 0.8 Dodging
 + Level 2.8 Invocations


You had 7 spell levels left.
You didn't know any spells.
Your spell library was empty.

Skill      XL: |  1  2  3  4  5  6  7  8 |
---------------+-------------------------+-----
Axes           | 3 4 5 7 8 10 | 10.2
Fighting       | |  3.2
Armour         | |  2.1
Dodging        | |  0.8
Invocations    | |  2.8

Action                   |  1- 3 |  4- 6 |  7- 9 || total
-------------------------+-------+-------+-------++-------
Melee: Hand axe          |    87 |    31 |       ||   118
       War axe           |       |    77 |   211 ||   288
  Use: Scroll            |       |     1 |     9 ||    10
  Eat: Chunk             |     1 |     4 |     5 ||    10
       Ration            |       |       |     1 ||     1
Armor: Leather armour    |     8 |       |       ||     8
       Ring mail         |    14 |       |       ||    14
       Scale mail        |    12 |       |       ||    12
       Chain mail        |    10 |    69 |   158 ||   237
Dodge: Dodged            |    54 |    52 |    91 ||   197

Inventory:

Hand Weapons
 a - a +1 hand axe
 i - a +0 war axe (weapon)
Missiles
 s - 9 boomerangs (quivered)
Armour
 b - a +0 pair of boots (worn)
 k - a +0 pair of gloves (worn)
 l - a +1 cloak (worn)
 n - a +0 chain mail
 q - a cursed +0 chain mail (worn)
Magical Staves
 A - an uncursed staff of air {unknown}
Jewellery
 h - a +5 ring of protection (right hand)
 p - a cursed ring of attention (left hand)
Wands
 g - a wand of random effects (13)
 w - a wand of flame (24)
Scrolls
 f - a scroll of fog
 r - 2 scrolls of identify
 u - 2 scrolls of remove curse {unknown}
 y - a scroll of blinking {unknown}
Potions
 c - 2 potions of curing {unknown}
 d - a potion of invisibility
 j - a potion of magic
 m - a potion of might
 o - a potion of brilliance
 t - a potion of haste {unknown}
 x - a potion of ambrosia {unknown}
 z - a potion of flight {unknown}
 B - a potion of degeneration {unknown}
Comestibles
 e - 7 rations
 v - a chunk of flesh


You were on level 7 of the Dungeon.
You worshipped Lugonu.
Lugonu was greatly pleased with you.
You were not hungry.

You visited 1 branch of the dungeon, and saw 7 of its levels.
You visited the Abyss 1 time.

You collected 269 gold pieces.

Dungeon Overview and Level Annotations

Branches:
Dungeon (7/15)             Temple (0/1) D:5

Altars:
Nemelex Xobeh

Shops:
D:5

} ... ... ....
.. ..... ...
.....######+#...
...............o
.......)o.......
.......@)o......
..........#..##
.....####.#
##+###..#.#
#....#.#
#....#.#
#....#<#
#.#......#
#.#...##.#


You could see an orc warrior and an orc.

Notes
Turn   | Place    | Note
-------+----------+-------------------------------------------
     0 | Abyss:1  | theanonym the Formicid Abyssal Knight began the quest for
                  | the Orb.
     0 | Abyss:1  | Reached XP level 1. HP: 18/18 MP: 2/2
    12 | D:1      | Escaped the Abyss
    59 | D:1      | Reached XP level 2. HP: 15/24 MP: 3/3
   228 | D:1      | Reached skill level 3 in Axes
   378 | D:1      | Reached XP level 3. HP: 29/29 MP: 4/4
   676 | D:1      | Reached ** piety under Lugonu
  1096 | D:2      | Noticed Terence
  1119 | D:2      | Killed Terence
  1119 | D:2      | Reached skill level 4 in Axes
  1119 | D:2      | Reached XP level 4. HP: 27/35 MP: 5/5
  1833 | D:3      | Reached XP level 5. HP: 38/41 MP: 6/6
  1967 | D:3      | Reached skill level 5 in Axes
  2344 | D:4      | Reached *** piety under Lugonu
  2344 | D:4      | Reached XP level 6. HP: 39/47 MP: 7/7
  2421 | D:4      | Reached skill level 6 in Axes
  2642 | D:4      | Noticed Sigmund
  2654 | D:4      | Killed Sigmund
  2654 | D:4      | Reached skill level 7 in Axes
  2654 | D:4      | Reached XP level 7. HP: 45/52 MP: 8/8
  2992 | D:4      | Found a sparkling altar of Nemelex Xobeh.
  3225 | D:5      | Entered Level 5 of the Dungeon
  3314 | D:5      | Reached skill level 8 in Axes
  3428 | D:5      | Found Tueh's Gadget Boutique.
  3531 | D:5      | Reached XP level 8. HP: 49/58 MP: 9/9
  3737 | D:5      | Found a staircase to the Ecumenical Temple.
  4004 | D:5      | Reached skill level 9 in Axes
  4522 | D:6      | Noticed a hippogriff
  4534 | D:6      | Killed a hippogriff
  4736 | D:7      | Reached skill level 10 in Axes
  4848 | D:7      | HP: 28/58 [orc wizard/+0 dagger (2)]
  4849 | D:7      | Reached **** piety under Lugonu
  4851 | D:7      | HP: 13/58 [orc warrior/+0 flail (8)]
  4853 | D:7      | Slain by an orc warrior

Vanquished Creatures
  A hippogriff (D:6)
  Sigmund (D:4)
  2 phantoms
  A centaur (D:5)
  2 bullfrogs
  A howler monkey (D:4)
  A crimson imp (D:5)
  A hound (D:6)
  A centaur skeleton (D:4)
  5 orc wizards
  2 iguanas
  Terence (D:2)
  3 worker ants
  A hound zombie (D:5)
  A hound skeleton (D:4)
  4 adders
  An ooze (D:1)
  2 adder skeletons
  A worm (D:4)
  4 dart slugs
  5 leopard geckos
  20 orcs
  A ball python (D:2)
  5 bats
  4 giant cockroaches
  5 goblins
  5 hobgoblins
  2 jackals (D:1)
  8 kobolds
  2 quokkas (D:3)
  5 frilled lizards
  A jackal zombie (D:5)
  A quokka skeleton (D:6)
  A quokka zombie (D:6)
  4 rats
105 creatures vanquished.

Table legend:
 A = Turns spent in this place as a percentage of turns spent in the entire game.
 B = Non-inter-level travel turns spent in this place as a percentage of non-inter-level travel turns spent in the entire game.
 C = Inter-level travel turns spent in this place as a percentage of turns spent in this place.
 D = Turns resting spent in this place as a percentage of non-inter-level travel turns spent in this place.
 E = Turns spent auto-exploring this place as a percentage of non-inter-level travel turns spent in this place.
 F = Non-inter-level travel turns spent in this place divided by the number of levels of this place that you've seen.
                   A       B       C       D       E      F
               +-------+-------+-------+-------+-------+----------------------
         Total | 100.0 | 100.0 |   4.3 |   8.9 |  74.2 | 580.4
       Dungeon |  99.8 |  99.7 |   4.3 |   8.9 |  74.4 | 661.6
         Abyss |   0.2 |   0.3 |   0.0 |   0.0 |   0.0 |  12.0
               +-------+-------+-------+-------+-------+----------------------
